 Dungeon Crawl Stone Soup version 0.25.1-2-g60ff931df9 (webtiles) character file.

Game seed: 2755466970668570847

376 MrVivor the Skirmisher (level 6, -4/57 HPs)
             Began as a Minotaur Fighter on Sept 2, 2020.
             Slain by an orc warrior
             ... wielding a +0 war axe
              (10 damage)
             ... on level 4 of the Dungeon.
             The game lasted 00:06:39 (3128 turns).

MrVivor the Skirmisher (Minotaur Fighter)           Turns: 3128, Time: 00:06:39

Health: -4/57      AC:  8    Str: 22    XL:     6   Next: 44%
Magic:  5/5        EV:  7    Int:  5    God:
Gold:   151        SH:  9    Dex: 10    Spells: 5/5 levels left

rFire    . . .     SeeInvis .   a - +1 war axe
rCold    . . .     Gourm    .   c - +0 kite shield
rNeg     . . .     Faith    .   b - +1 scale mail
rPois    .         Spirit   .   (helmet restricted)
rElec    .         Reflect  .   (no cloak)
rCorr    .         Harm     .   (no gloves)
MR       .....                  (no boots)
Stlth    ..........             (no amulet)
HPRegen  0.19/turn              (no ring)
MPRegen  0.09/turn              (no ring)

@: no status effects
A: retaliatory headbutt, horns 2
a: no special abilities


You were on level 4 of the Dungeon.
You were not hungry.

You visited 1 branch of the dungeon, and saw 4 of its levels.

You collected 151 gold pieces.

Inventory:

Hand Weapons
 a - a +1 war axe (weapon)
 j - a +0 dagger
Armour
 b - a +1 scale mail (worn)
 c - a +0 kite shield (worn)
 n - a +2 leather armour of positive energy
Scrolls
 e - a scroll of identify
 g - 3 scrolls of teleportation
 q - a scroll of enchant weapon
 r - a scroll of enchant armour
Potions
 d - a potion of might
 h - 4 potions of curing
 i - 2 potions of ambrosia
 k - a potion of invisibility
 m - a potion of cancellation {unknown}
 o - 4 potions of heal wounds {unknown}
 t - a potion of lignification {unknown}
Comestibles
 f - 3 rations
 l - 7 chunks of flesh


   Skills:
 * Level 6.2 Fighting
 * Level 5.6 Axes
 + Level 5.0 Armour
 - Level 3.6 Shields


You had 5 spell levels left.
You didn't know any spells.
Your spell library contained the following spells:

 Spells                   Type           Power        Failure   Level  Hunger
 Confusing Touch          Hex            #.......     100%        3    ####...
 Gell's Gravitas          Tloc           #.........   100%        3    ####...
 Cause Fear               Hex            #.........   100%        4    #####..
 Petrify                  Tmut/Erth      #.......     100%        4    #####..
 Metabolic Englaciation   Hex/Ice        #.........   100%        5    ######.
 Silence                  Hex/Air        #.........   100%        5    ######.
 Yara's Violent Unravell  Hex/Tmut       #.........   100%        5    ######.
 Discord                  Hex            #.........   100%        8    #######


Dungeon Overview and Level Annotations

Branches:
Dungeon (4/15)
 Temple: D:4-7

Altars:
Qazlal
The Shining One


Innate Abilities, Weirdness & Mutations

You reflexively headbutt those who attack you in melee.
You have a pair of horns on your head.


Message History

The orc warrior hits you with a +0 war axe!
You closely miss the orc warrior.
You headbutt the orc warrior, but do no damage.
The orc warrior is moderately wounded.
You block the orc warrior's attack.
You slash the orc warrior!
The orc warrior is severely wounded.
The orc warrior hits you with a +0 war axe.
You closely miss the orc warrior. You headbutt the orc warrior.
The orc warrior is severely wounded.
You block the orc warrior's attack.
You closely miss the orc warrior. Your headbutt misses the orc warrior.
The orc warrior is severely wounded.
You block the orc warrior's attack.
Your shield prevents you from hitting the orc warrior.
The orc warrior is severely wounded.
The orc warrior hits you with a +0 war axe!!
* * * LOW HITPOINT WARNING * * *
The orc warrior hits you with a +0 war axe!
You die...

§§## ###.# #.#...#
§## ... ######.#..##
## ..# #....#....##
#
..#######.88.#.##.##
#
###....##.88.#......
#
#..####.#....'.##.##
###
#..####.#'####.##.##
..#
###..##.#..##.......
#.########
#@.##)#..##..#####
#.........
#.o###.####.#.......
########## #..###.#
#.#.###### #
###$o#.# #.#.#
########
#[(#.####.#.#
#<....>#
#####....##.#
..####.# #######.#
### #.# # #.#


You could see an orc warrior.

Vanquished Creatures
  A bullfrog zombie (D:2)
  A crimson imp (D:4)
  An orc priest (D:4)
  A hound (D:4)
  3 orc wizards (D:4)
  2 worker ants
  5 adders
  An ooze (D:3)
  A dart slug (D:3)
  2 leopard geckos
  5 orcs (D:4)
  3 ball pythons
  8 giant cockroaches
  8 goblins
  5 hobgoblins
  5 kobolds
  A quokka (D:4)
  2 bats
  4 frilled lizards
  5 rats
64 creatures vanquished.

Notes
Turn   | Place    | Note
-------+----------+-------------------------------------------
     0 | D:1      | MrVivor the Minotaur Fighter began the quest for the Orb.
     0 | D:1      | Reached XP level 1. HP: 19/19 MP: 0/0
   223 | D:1      | Reached XP level 2. HP: 27/27 MP: 1/1
   408 | D:1      | Reached skill level 4 in Fighting
   989 | D:2      | Reached XP level 3. HP: 34/34 MP: 2/2
  1624 | D:3      | Reached XP level 4. HP: 41/41 MP: 3/3
  2256 | D:3      | Reached skill level 5 in Fighting
  2303 | D:3      | Reached XP level 5. HP: 32/48 MP: 4/4
  2685 | D:4      | Found a glowing golden altar of the Shining One.
  2776 | D:4      | Found a stormy altar of Qazlal.
  2823 | D:4      | Reached skill level 5 in Axes
  2998 | D:4      | Reached XP level 6. HP: 53/57 MP: 5/5
  3024 | D:4      | Noticed an orc warrior
  3030 | D:4      | Reached skill level 6 in Fighting
  3034 | D:4      | Reached skill level 5 in Armour
  3128 | D:4      | Slain by an orc warrior

Illustrated notes

Levels and vault maps discovered:
D:1:      enne_arrival_octagon_isle, layout_loops_ring
D:2:      layout_basic
D:3:      layout_loops_ring
D:4:      minmay_chambers_of_fours, layout_loops_ring, tso_metal_star,
          grunt_qazlal_sundering

Skill      XL: |  1  2  3  4  5  6 |
---------------+-------------------+-----
Fighting       | 4 5 6 |  6.2
Axes           | 3 4 5 |  5.6
Armour         | 4 5 |  5.0
Shields        | |  3.6

Action                   |  1- 3 |  4- 6 || total
-------------------------+-------+-------++-------
Melee: War axe           |    50 |   122 ||   172
       Headbutt          |    10 |    20 ||    30
  Use: Scroll            |       |    10 ||    10
  Eat: Chunk             |     1 |     6 ||     7
Armor: Scale mail        |    16 |    47 ||    63
Dodge: Dodged            |    11 |    27 ||    38
Block: Kite shield       |    32 |    72 ||   104
